 Dungeon Crawl Stone Soup version 0.29-a0-577-gafbf2c5d25 (webtiles) character file.

Game seed: 13392668132961142791

20 DocClef the Sneak (level 2, -3/26 HPs)
             Began as a Draconian Delver on June 13, 2022.
             Slain by a black bear (7 damage)
             ... on level 6 of the Dungeon.
             The game lasted 00:00:14 (63 turns).

DocClef the Sneak (Draconian Delver)                  Turns: 63, Time: 00:00:14

Health: -3/26      AC:  4    Str: 14    XL:     2   Next: 58%
Magic:  2/2        EV: 12    Int: 10    God:
Gold:   0          SH:  0    Dex: 12    Spells: 1/1 levels left

rFire   . . .      SeeInvis .   a - +0 short sword
rCold   . . .      Faith    .   (no shield)
rNeg    . . .      Spirit   .   (body armour unavailable)
rPois   .          Reflect  .   (helmet restricted)
rElec   .          Harm     .   (no cloak)
rCorr   .          Rampage  .   (no gloves)
Will    .....                   (no boots)
Stlth   +++.......              (no amulet)
HPRegen 0.08/turn               (no ring)
MPRegen 0.08/turn               (no ring)

@: no status effects
A: AC +4, unfitting armour, cold-blooded
a: no special abilities


You were on level 6 of the Dungeon.
You visited 1 branch of the dungeon, and saw 2 of its levels.

Inventory:

Hand Weapons
 a - a +0 short sword (weapon)
Wands
 f - a wand of digging (3)
 j - a wand of flame (17)
Scrolls
 b - a scroll of fog
 c - a scroll of magic mapping
 d - a scroll of fear
 h - a scroll of immolation {unknown}
 i - a scroll of teleportation {unknown}
Potions
 e - a potion of haste
 g - 2 potions of magic {unknown}


   Skills:
 + Level 3.4 Fighting
 + Level 2.0 Short Blades
 + Level 1.8 Dodging
 + Level 5.1 Stealth


You had one spell level left.
You didn't know any spells.
Your spell library contained the following spells:

 Spells                   Type           Power      Damage    Failure   Level
 Summon Lightning Spire   Summ/Air       0%         N/A       98%         4
 Storm Form               Tmut/Air       0%         N/A       100%        7
 Maxwell's Capacitive Co  Air            0%         ∞         100%        8


Dungeon Overview and Level Annotations

Branches:
Dungeon (6/15)
 Temple: D:4-7

Altars:

Shops:
D:5 [


Innate Abilities, Weirdness & Mutations

Your plain brown scales are hard. (AC +4)
You cannot fit into any form of body armour.
You are cold-blooded and may be slowed by cold attacks.


Message History

You are too injured to fight recklessly!
You are too injured to fight recklessly!
You are too injured to fight recklessly!
You are too injured to fight recklessly!
You are too injured to fight recklessly!
You are too injured to fight recklessly!
You are too injured to fight recklessly!
You are too injured to fight recklessly!
You are too injured to fight recklessly!
You are too injured to fight recklessly!
You hit the gnoll.
You kill the gnoll!
Your Stealth skill increases to level 5!
A phantom and a gnoll come into view.
Found a book of Dangerous Friends.
You see here a +0 club.
You see here 20 gold pieces.
An adder comes into view.
The gnoll shouts!
The adder hisses angrily.
You hear an angry hiss.
There is a stone staircase leading down here.
You climb downwards.
You hear the sound of rushing water.
There is an entrance to a sewer on this level.
Hurry and find it before the portal rusts away!
Found a stone staircase leading down.
There is a stone staircase leading up here.
The helpless black bear fails to defend itself.
You puncture the black bear!
The black bear is heavily wounded.
The black bear misses you. The black bear claws you. x2
You barely miss the black bear.
The black bear is heavily wounded.
The black bear bites you but does no damage.
The black bear claws you.
* * * LOW HITPOINT WARNING * * *
The black bear closely misses you.
You hit the black bear but do no damage.
The black bear is moderately wounded.
The black bear bites you!
You die...

#+# #.# #.#
##.##
#######...##
#......<...#
#.........##
#.>##.##@##
. #.
#.h...... #
#.#######
#.# #.# #.#
#.# #.#


You could see a black bear.

Vanquished Creatures
  2 gnolls (D:5)
2 creatures vanquished.

Notes
Turn   | Place    | Note
-------+----------+-------------------------------------------
     0 | D:5      | DocClef the Draconian Delver began the quest for the Orb.
     0 | D:5      | Reached XP level 1. HP: 19/19 MP: 1/1
    40 | D:5      | Reached XP level 2. HP: 26/26 MP: 2/2
    53 | D:5      | Reached skill level 5 in Stealth
    53 | D:5      | Noticed a phantom
    58 | D:6      | Noticed a black bear
    63 | D:6      | Slain by a black bear

Illustrated notes

Levels and vault maps discovered:
D:5:      layout_basic, serial_shops, nicolae_stop_n_shop_1, grunt_ministairs_2,
          uniq_eustachio, uniq_blork_the_orc
D:6:      layout_loops_corners, minmay_temple_entry_statues_pillars,
          lightli_sewer_entry_pipes

Skill      XL: |  1  2 |
---------------+-------+-----
Stealth        | 5 |  5.1
Fighting       | |  3.4
Short Blades   | |  2.0
Dodging        | |  1.8

Action                   || total
-------------------------++-------
Melee: Short sword       ||    18
       Tailslap          ||     1
 Stab: Sleeping          ||     2
Armor: Skin              ||     2
Dodge: Dodged            ||    10

Table legend: (Time is in decaauts)
 A = Elapsed time spent in this place.
 B = Non-inter-level travel time spent in this place.
 C = Inter-level travel time spent in this place.
 D = Time resting spent in this place.
 E = Time spent auto-exploring this place.
 F = Levels seen in this place.
 G = Mean time per level.
                   A        B        C        D        E       F      G
               +--------+--------+--------+--------+--------+-----+--------+
         Total |     62 |     62 |      0 |      0 |     25 |   2 |   31.0 |
       Dungeon |     62 |     62 |      0 |      0 |     25 |   2 |   31.0 |
               +--------+--------+--------+--------+--------+-----+--------+

Top non-repeatable levels by time:
     D:5: 58 daAuts
     D:6: 4 daAuts
